 Dungeon Crawl Stone Soup version 0.31-a0-1098-g6898e6545c (webtiles) character file.

Game seed: 5714835466250120213

995 Bnni the Shooter (level 7, -6/37 HPs)
             Began as a Spriggan Hunter on Nov 30, 2023.
             Was an Initiate of Fedhas.
             Killed from afar by an acid dragon (21 damage)
             ... with a splash of acid
             ... on level 6 of the Dungeon.
             The game lasted 00:07:02 (4254 turns).

Bnni the Shooter (Spriggan Hunter)                  Turns: 4254, Time: 00:07:04

Health: -6/37      AC:  5    Str:  7    XL:     7   Next: 99%
Magic:  9/9        EV: 32    Int: 10    God:    Fedhas [......]
Gold:   232        SH:  0    Dex: 21    Spells: 6/6 levels left

rFire   . . .        C - +0 orcbow
rCold   . . .        (shield currently unavailable)
rNeg    . . .        c - +0 robe
rPois   +            (helmet restricted)
rElec   .            l - +2 cloak {rPois}
rCorr   .            (gloves unavailable)
SInv    +            (boots unavailable)
Will    +....        (no amulet)
Stlth   ++           g - +5 ring of evasion
HPRegen 0.26/turn    k - +5 ring of evasion
MPRegen 0.11/turn

%: no passive effects
@: very quick
A: very small, no large weapons, unfitting armour, see invisible, speed 3
a: Renounce Religion


You were on level 6 of the Dungeon.
You worshipped Fedhas.
Fedhas was noncommittal.
You visited 2 branches of the dungeon, and saw 7 of its levels.

You collected 232 gold pieces.

Inventory:

Hand Weapons
 C - a +0 orcbow (weapon)
Missiles
 j - 3 poisoned darts
Armour
 c - a +0 robe (worn)
 l - a +2 cloak of poison resistance (worn)
Jewellery
 g - a +5 ring of evasion (left hand)
 k - a +5 ring of evasion (right hand)
 r - a ring of protection from fire
 z - a ring of poison resistance
 B - an amulet of guardian spirit
Wands
 a - a wand of flame (21)
 y - a wand of mindburst (8)
Scrolls
 b - a scroll of butterflies
 f - a scroll of vulnerability {unknown}
 h - 3 scrolls of identify {unknown}
 i - 2 scrolls of fear {unknown}
 m - 2 scrolls of poison {unknown}
 o - a scroll of fog {unknown}
 s - a scroll of teleportation {unknown}
 t - 2 scrolls of enchant armour {unknown}
 u - 2 scrolls of blinking {unknown}
 v - 2 scrolls of enchant weapon {unknown}
 w - a scroll of summoning {unknown}
 x - a scroll of immolation {unknown}
Potions
 d - 2 potions of brilliance {unknown}
 e - 6 potions of curing {unknown}
 n - a potion of cancellation {unknown}
 p - 2 potions of heal wounds {unknown}
 q - 3 potions of degeneration {unknown}
 A - a potion of might {unknown}


   Skills:
 + Level 3.9 Fighting
 * Level 7.5 Ranged Weapons
 + Level 6.3 Dodging
 - Level 1.5 Stealth
 + Level 2.1 Invocations


You had 6 spell levels left.
You didn't know any spells.
Your spell library contained the following spells:

 Spells                   Type           Power      Damage    Failure   Level
 Tukima's Dance           Hex            0%         N/A       75%         3
 Passage of Golubria      Tloc           0%         N/A       98%         4
 Yara's Violent Unravell  Hex/Tmut       0%         3d3       100%        5


Dungeon Overview and Level Annotations

Branches:
Dungeon (6/15)             Temple (1/1) D:5

Altars:
Ashenzari
Cheibriados
Dithmenos
Elyvilon
Fedhas
Gozag
Hepliaklqana
Kikubaaqudgha
Makhleb
Nemelex Xobeh
Okawaru
Qazlal
Ru
Sif Muna
Trog
Uskayaw
Vehumet
Wu Jian
Xom
Yredelemnul
Zin
The Shining One

Shops:
D:4 *


Innate Abilities, Weirdness & Mutations

You are very small and have problems with some larger weapons.
You are too small for most types of armour.
You have supernaturally acute eyesight. (SInv)
You cover ground extremely quickly. (Speed+++)


Message History

An acid dragon comes into view.
You shoot an arrow. The arrow closely misses the orc.
The acid dragon roars!
The acid dragon spits acid at you. The splash of acid misses you.
You shoot an arrow. The arrow barely misses the orc.
The acid dragon spits acid at you. The splash of acid misses you.
You see here an iguana corpse.
There is a stone staircase leading up, spattered with blood here.
You shoot an arrow. The arrow hits the orc.
The orc is severely wounded.
You shoot an arrow. The arrow hits the orc.
The orc is almost dead.
You shoot an arrow. The arrow hits the orc.
You kill the orc!
Fedhas appreciates your contribution to the ecosystem.
You shoot an arrow. The arrow hits the acid dragon.
The acid dragon is lightly wounded.
You shoot an arrow. The arrow hits the acid dragon!
The acid dragon is heavily wounded.
You shoot an arrow.
The arrow hits the acid dragon but does no damage.
The acid dragon is heavily wounded.
The acid dragon completely misses you. The acid dragon misses you.
You shoot an arrow. The arrow hits the acid dragon.
The acid dragon is severely wounded.
The acid dragon misses you. x2; The acid dragon bites you!
The acid dragon completely misses you.
You shoot an arrow. The arrow hits the acid dragon.
The acid dragon is severely wounded.
The acid dragon bites you! The acid dragon claws you.
You are too injured to fight recklessly!
You shoot an arrow. The arrow hits the acid dragon.
The acid dragon is almost dead.
The acid dragon spits acid at you. The splash of acid hits you!!
Ouch! That really hurt!
You die...
Fedhas appreciates your contribution to the ecosystem.

................#
.................
.....[...........
......)..........
.................
...........######
...........+
........D).######
#######.#@.......
#.######### #.#
#.# #.# #.# #.#
#.# #.#


You could see an acid dragon (catching breath).

Vanquished Creatures
  A steam dragon (D:6)
  Edmund (D:5)
  An ogre (D:5)
  A centaur (D:6)
  A necrophage (D:5)
  A howler monkey (D:4)
  2 orc priests (D:5)
  Crazy Yiuf (D:2)
  3 jellies
  3 iguanas
  A hound skeleton (D:5)
  6 gnolls
  6 adders
  A white imp (D:5)
  6 worms
  3 dart slugs
  14 orcs
  7 bats
  2 endoplasms
  3 giant cockroaches (D:2)
  6 goblins
  6 hobgoblins
  2 jackals (D:1)
  2 quokkas
  5 ball pythons
  2 frilled lizards
  5 kobolds
  8 rats
100 creatures vanquished.

Notes
Turn   | Place    | Note
-------+----------+-------------------------------------------
     0 | D:1      | Bnni the Spriggan Hunter began the quest for the Orb.
     0 | D:1      | Reached XP level 1. HP: 10/10 MP: 2/2
   104 | D:1      | Reached XP level 2. HP: 15/15 MP: 3/3
   779 | D:2      | Reached XP level 3. HP: 18/18 MP: 4/4
   949 | D:2      | Found a runed translucent door.
   950 | D:2      | Noticed Crazy Yiuf
   996 | D:2      | Killed Crazy Yiuf
   997 | D:2      | Reached skill level 5 in Ranged Weapons
   997 | D:2      | Reached XP level 4. HP: 14/23 MP: 5/5
  1191 | D:2      | Found a faded altar of an unknown god.
  1758 | D:3      | Reached XP level 5. HP: 27/27 MP: 6/6
  1890 | D:3      | Found a glowing silver altar of Zin.
  2718 | D:4      | Reached XP level 6. HP: 32/32 MP: 7/7
  2957 | D:4      | Reached skill level 6 in Ranged Weapons
  3051 | D:4      | Found Lotho's General Store.
  3093 | D:5      | Entered Level 5 of the Dungeon
  3149 | D:5      | Noticed Edmund
  3325 | D:5      | Killed Edmund
  3326 | D:5      | Reached skill level 5 in Dodging
  3413 | D:5      | Found a staircase to the Ecumenical Temple.
  3420 | Temple   | Entered the Ecumenical Temple
  3441 | Temple   | Became a worshipper of Fedhas Madash
  3512 | D:5      | Reached XP level 7. HP: 31/36 MP: 8/8
  3952 | D:5      | Reached skill level 1 in Invocations
  4037 | D:5      | Found a burning altar of Makhleb.
  4060 | D:5      | Reached skill level 7 in Ranged Weapons
  4217 | D:6      | Noticed a steam dragon
  4233 | D:6      | Killed a steam dragon
  4254 | D:6      | Killed from afar by an acid dragon

Illustrated notes

Levels and vault maps discovered:
D:1:      spicycebolla_arrival_clurvy, layout_basic
D:2:      layout_basic, hellmonk_ecumenical_altar_crossroads,
          uniq_crazy_yiuf_cottage
D:3:      layout_basic, nicolae_overflow_hidden_temple
D:4:      layout_basic, serial_shops, nicolae_shop_pleasant_corner_grove
D:5:      layout_loops_ring, makhleb_blood_cavern_becter,
          minmay_temple_entry_butterflies, kennysheep_doodads,
          minmay_misc_feat_doors, uniq_edmund
D:6:      layout_basic, nrook_loot_triangle
Temple:   nicolae_temple_bog_church

Skill      XL: |  1  2  3  4  5  6  7 |
---------------+----------------------+-----
Dodging        | 3 4 5 6 |  6.3
Fighting       | 2 3 |  3.9
Ranged Weapons | 5 6 7 |  7.5
Invocations    | 2 |  2.1
Stealth        | |  1.5

Action                     |  1- 3 |  4- 6 |  7- 9 || total
---------------------------+-------+-------+-------++-------
   Fire: Shortbow          |    77 |   241 |    46 ||   364
         Orcbow            |       |       |    25 ||    25
 Armour: Robe              |     4 |    10 |    11 ||    25
  Dodge: Dodged            |     5 |    89 |    36 ||   130

Table legend: (Time is in decaauts)
 A = Elapsed time spent in this place.
 B = Non-inter-level travel time spent in this place.
 C = Inter-level travel time spent in this place.
 D = Time resting spent in this place.
 E = Time spent auto-exploring this place.
 F = Levels seen in this place.
 G = Mean time per level.
                   A        B        C        D        E       F      G
               +--------+--------+--------+--------+--------+-----+--------+
         Total |   2886 |   2754 |    132 |    104 |   1899 |   7 |  412.3 |
       Dungeon |   2858 |   2752 |    106 |    104 |   1899 |   6 |  476.3 |
        Temple |     28 |      3 |     25 |      0 |      0 |   1 |   28.0 |
               +--------+--------+--------+--------+--------+-----+--------+

Top non-repeatable levels by time:
     D:5: 696 daAuts
     D:2: 678 daAuts
     D:4: 566 daAuts
     D:1: 499 daAuts
     D:3: 342 daAuts
     D:6: 74 daAuts
  Temple: 28 daAuts
